 Dungeon Crawl Stone Soup version 0.30-a0-715-gdb4ae3ece1 (webtiles) character file.

Game seed: 2042013663266234782

1183 Fenrisus the Covered (level 8, 0/72 HPs)
             Began as an Armataur Fighter on Jan 23, 2023.
             Succumbed to a water moccasin's poison
             ... on level 5 of the Dungeon.
             The game lasted 00:13:20 (4640 turns).

Fenrisus the Covered (Armataur Fighter)             Turns: 4640, Time: 00:13:21

Health: 0/72       AC:  9    Str: 23    XL:     8   Next: 19%
Magic:  8/8        EV:  7    Int:  8    God:
Gold:   159        SH:  5    Dex: 11    Spells: 7/7 levels left

rFire   . . .      SeeInvis .    a - +1 long sword
rCold   . . .      Faith    .    c - +0 buckler
rNeg    . . .      Spirit   .    b - +0 scale mail
rPois   .          Reflect  .    (no helmet)
rElec   .          Harm     .    (no cloak)
rCorr   +          Roll     +    o - +0 pair of gloves
Will    .....                    (no barding) Stlth
                                 (no amulet)
HPRegen 0.32/turn                n - ring of resist corrosion
MPRegen 0.11/turn                (no ring)

@: lethally poisoned (0 -> -16), studying Hexes
A: large, rugged brown scales 3, deformed body, armoured tail, roll, long
tongue, awkward tongue
a: no special abilities


You were on level 5 of the Dungeon.
You visited 1 branch of the dungeon, and saw 5 of its levels.

You collected 219 gold pieces.
You spent 60 gold pieces at shops.

Inventory:

Hand Weapons
 a - a +1 long sword (weapon)
Armour
 b - a +0 scale mail (worn)
 c - a +0 buckler (worn)
 o - a +0 pair of gloves (worn)
Jewellery
 n - a ring of resist corrosion (left hand)
Wands
 l - a wand of roots (8)
Scrolls
 d - 2 scrolls of noise
 h - a scroll of fog
 u - a scroll of magic mapping
Potions
 e - 3 potions of brilliance
 i - a potion of haste {unknown}
 k - 2 potions of lignification {unknown}
 q - a potion of flight {unknown}
 r - a potion of degeneration {unknown}


   Skills:
 + Level 5.1 Fighting
 + Level 4.7 Long Blades
 + Level 6.8 Armour
 + Level 6.3 Shields


You had 7 spell levels left.
You didn't know any spells.
Your spell library contained the following spells:

 Spells                   Type           Power      Damage    Failure   Level
 Apportation              Tloc           0%         N/A       77%         1
 Summon Small Mammal      Summ           0%         N/A       77%         1
 Call Canine Familiar     Summ           0%         N/A       98%         3
 Portal Projectile        Hex/Tloc       0%         N/A       98%         3
 Summon Guardian Golem    Hex/Summ       0%         N/A       98%         3
 Tukima's Dance           Hex            0%         N/A       98%         3
 Alistair's Intoxication  Tmut/Pois      0%         N/A       100%        5
 Blade Hands              Tmut           0%         N/A       100%        5
 Orb of Destruction       Conj           0%         9d5       100%        7
 Spellforged Servitor     Conj/Summ      0%         N/A       100%        7


Dungeon Overview and Level Annotations

Branches:
Dungeon (5/15)
 Temple: D:4-7

Altars:
Ashenzari

Shops:
D:1 (   D:2 !


Innate Abilities, Weirdness & Mutations

You are completely covered in rugged brown scales. (AC +3, +7% HP)
Armour fits poorly on your strangely shaped body.
You have a long armoured tail.
You roll when moving toward enemies. (Rampage)
Your long tongue fully drains potion bottles. (2x potion effects)
Your tongue gives you trouble enunciating. (1.5x scroll delay)


Message History

You are poisoned.
The water moccasin poisons you!
You slurp down every last drop of the potion of ambrosia!
You are confused.
You feel invigorated.
You feel very sick. The water moccasin barely misses you.
You closely miss the water moccasin.
You feel very sick. The water moccasin bites you.
You are more poisoned.
The water moccasin poisons you! The water moccasin closely misses you.
You feel very sick.
You feel less invigorated.
You feel less confused.
You feel very sick. The water moccasin bites you.
You are more poisoned.
The water moccasin poisons you! The water moccasin bites you.
You are lethally poisoned!
The water moccasin poisons you!
You barely miss the water moccasin.
* * * LOW HITPOINT WARNING * * *
You feel extremely sick. The water moccasin barely misses you.
You slash the water moccasin! You tail-slap the water moccasin.
The water moccasin is heavily wounded.
* * * LOW HITPOINT WARNING * * *
You feel extremely sick.
The water moccasin completely misses you.
The water moccasin bites you.
* * * LOW HITPOINT WARNING * * *
You barely miss the water moccasin. You tail-slap the water moccasin!
The water moccasin is almost dead.
* * * LOW HITPOINT WARNING * * *
You feel very sick.
The water moccasin bites you but does no damage.
You hit the water moccasin but do no damage.
The water moccasin is almost dead.
You die...

................. ...#
#............... ...#
##............... ....#
##................ ....#
#....)............ .... ##
#....######'######+###'#
...
#....................))#
.... ##.
.................).# .....
#
............@......#......
............S......'......
................<..#......
..##################......
## #####


You could see a water moccasin.

Vanquished Creatures
  Grinder (D:4)
  Eustachio (D:4)
  2 ogres
  Blork the orc (D:4)
  A necrophage (D:4)
  2 scorpions (D:4)
  A howler monkey (D:4)
  3 orc priests
  Natasha (thrice) (D:4)
  3 orc wizards
  10 adders
  An ufetubus (D:3)
  A worm (D:3)
  3 dart slugs
  4 orcs
  15 endoplasms
  4 giant cockroaches
  A goblin (D:1)
  5 hobgoblins
  3 quokkas
  3 ball pythons
  7 bats
  5 frilled lizards
  2 kobolds
  A rat (D:1)
83 creatures vanquished.

Notes
Turn   | Place    | Note
-------+----------+-------------------------------------------
     0 | D:1      | Fenrisus the Armataur Fighter began the quest for the Orb.
     0 | D:1      | Reached XP level 1. HP: 19/19 MP: 1/1
   132 | D:1      | Found Mimeex's Weapon Shop.
   286 | D:1      | Reached XP level 2. HP: 21/26 MP: 2/2
   671 | D:2      | Reached XP level 3. HP: 33/33 MP: 3/3
   890 | D:2      | Noticed an ogre
   893 | D:2      | Killed an ogre
   894 | D:2      | Reached XP level 4. HP: 13/40 MP: 4/4
   894 | D:2      | Reached XP level 5. HP: 16/48 MP: 5/5
  1013 | D:2      | Found Genneel's Distillery.
  1021 | D:2      | Bought a potion of curing for 30 gold pieces
  1021 | D:2      | Bought a potion of curing for 30 gold pieces
  2363 | D:3      | Found a broken altar of Ashenzari.
  2779 | D:4      | Reached skill level 5 in Armour
  2779 | D:4      | Reached XP level 6. HP: 29/55 MP: 6/6
  2934 | D:4      | Noticed Natasha
  2947 | D:4      | Killed Natasha
  3092 | D:4      | Noticed Eustachio
  3092 | D:4      | Noticed Natasha
  3103 | D:4      | Noticed Grinder
  3107 | D:4      | Killed Eustachio
  3108 | D:4      | Reached skill level 5 in Shields
  3290 | D:4      | Killed Natasha
  3294 | D:5      | Entered Level 5 of the Dungeon
  3322 | D:4      | Paralysed by Grinder for 4 turns
  3340 | D:4      | Killed Grinder
  3341 | D:4      | Reached XP level 7. HP: 64/64 MP: 7/7
  3342 | D:4      | Noticed Natasha
  3348 | D:4      | Killed Natasha
  4007 | D:4      | Noticed Blork the orc
  4025 | D:4      | Killed Blork the orc
  4155 | D:4      | Reached skill level 5 in Fighting
  4155 | D:4      | Reached XP level 8. HP: 63/72 MP: 8/8
  4640 | D:5      | Succumbed to a water moccasin's poison

Illustrated notes

Levels and vault maps discovered:
D:1:      lightli_arrival_noodles, layout_basic, serial_shops, shop
D:2:      layout_loops_ring, serial_shops, shop, bh_walls_and_bars
D:3:      layout_loops_corners, general_overflow_altar
D:4:      layout_basic, skrybe_limestone_x, minivault_24, minmay_fountain_box,
          minmay_manual_monstrance, uniq_blork_the_orc, uniq_eustachio,
          uniq_grinder, uniq_natasha
D:5:      layout_gridville, minivault_19, grunt_decor_one_mirror

Skill      XL: |  1  2  3  4  5  6  7 |
---------------+----------------------+-----
Long Blades    | 2 3 4 |  4.7
Armour         | 4 5 6 |  6.8
Fighting       | 3 4 5 |  5.1
Shields        | 4 5 6 |  6.3

Action                     |  1- 3 |  4- 6 |  7- 9 || total
---------------------------+-------+-------+-------++-------
  Melee: Long sword        |   102 |   152 |   109 ||   363
         Tailslap          |    14 |    19 |    11 ||    44
  Evoke: Wand              |       |     3 |       ||     3
    Use: Potion            |     2 |     4 |     3 ||     9
         Scroll            |     4 |     8 |       ||    12
 Armour: Scale mail        |    71 |    90 |    45 ||   206
  Dodge: Dodged            |    36 |    42 |    31 ||   109
  Block: Buckler           |    27 |    33 |    21 ||    81

Table legend: (Time is in decaauts)
 A = Elapsed time spent in this place.
 B = Non-inter-level travel time spent in this place.
 C = Inter-level travel time spent in this place.
 D = Time resting spent in this place.
 E = Time spent auto-exploring this place.
 F = Levels seen in this place.
 G = Mean time per level.
                   A        B        C        D        E       F      G
               +--------+--------+--------+--------+--------+-----+--------+
         Total |   4766 |   3940 |    826 |   1247 |   1899 |   5 |  953.2 |
       Dungeon |   4766 |   3940 |    826 |   1247 |   1899 |   5 |  953.2 |
               +--------+--------+--------+--------+--------+-----+--------+

Top non-repeatable levels by time:
     D:4: 1804 daAuts
     D:2: 1117 daAuts
     D:3: 1022 daAuts
     D:1: 670 daAuts
     D:5: 151 daAuts
